SL
NEW JERSEY FENIX @ NASHVILLE OUTLAWS
09/24/2034
 
TOP OF THE 1ST
New Jersey Fenix batting - Pitching for Nashville Outlaws : RHP Ramón Molina
Pitching: RHP Ramón Molina
Batting: LHB Alexis Raimbault 0-0: Foul Ball, location: 2F
0-1: Ground out 1-3 (Groundball, 13)
Batting: LHB Josh Platt 0-0: Foul Ball, location: 2F
0-1: Ball
1-1: Ball
2-1: Foul Ball, location: 2F
2-2: Ground out 1-3 (Groundball, 15S)
Batting: LHB Javier Sánchez 0-0: Foul Ball, location: 2F
0-1: Foul Ball, location: 2F
0-2: Foul Ball, location: 2F
0-2: Fly out, F8 (Flyball, 78D)
Top of the 1st over - 0 runs, 0 hits, 0 errors, 0 left on base; New Jersey 0 - Nashville 0
BOTTOM OF THE 1ST
Nashville Outlaws batting - Pitching for New Jersey Fenix : RHP Brantford Winstworth III
Pitching: RHP Brantford Winstworth III
Batting: LHB Bartolo Soto 0-0: Ball
1-0: Foul Ball, location: 2F
1-1: Swinging Strike
1-2: Ball
2-2: SINGLE (Groundball, 56D)
Batting: LHB Bora Garasanin 0-0: Ball
1-0: Fly out, F9 (Flyball, 9LDF)
Batting: RHB Jerry Yates 0-0: Ball
1-0: Fly out, F8 (Flyball, 8LM)
Batting: LHB Nathan Tanner 0-0: Ball
Bartolo Soto is caught stealing 2nd base
Bottom of the 1st over - 0 runs, 1 hit, 0 errors, 0 left on base; New Jersey 0 - Nashville 0
TOP OF THE 2ND
New Jersey Fenix batting - Pitching for Nashville Outlaws : RHP Ramón Molina
Batting: SHB Shiki Sanu 0-0: Foul Ball, location: 2F
0-1: Ball
1-1: Ball
2-1: Ball
3-1: Base on Balls
Batting: LHB Pedro Gutiérrez 0-0: Grounds into double play, 4-6-3 (Groundball, 4)
Batting: RHB Takashi Miike 0-0: Called Strike
0-1: Ball
1-1: Ball
2-1: Swinging Strike
2-2: Strikes out swinging
Top of the 2nd over - 0 runs, 0 hits, 0 errors, 0 left on base; New Jersey 0 - Nashville 0
BOTTOM OF THE 2ND
Nashville Outlaws batting - Pitching for New Jersey Fenix : RHP Brantford Winstworth III
Batting: LHB Nathan Tanner 0-0: Fly out, F9 (Flyball, 9)
Batting: LHB Salvador Ramírez 0-0: Called Strike
0-1: Swinging Strike
0-2: Strikes out looking
Batting: RHB Orlando Reyes 0-0: Foul Ball, location: 2F
0-1: Ball
1-1: Foul Ball, location: 2F
1-2: Ground out 3-1 (Groundball, 34S)
Bottom of the 2nd over - 0 runs, 0 hits, 0 errors, 0 left on base; New Jersey 0 - Nashville 0
TOP OF THE 3RD
New Jersey Fenix batting - Pitching for Nashville Outlaws : RHP Ramón Molina
Batting: RHB John Schnatter 0-0: Fly out, F7 (Flyball, 78S)
Batting: LHB Yin-reng Hsueh 0-0: Ball
1-0: Ball
2-0: Swinging Strike
2-1: Ground out 4-3 (Groundball, 4)
Batting: LHB Elian Gonzalez 0-0: Ground out 6-3 (Groundball, 6)
Top of the 3rd over - 0 runs, 0 hits, 0 errors, 0 left on base; New Jersey 0 - Nashville 0
BOTTOM OF THE 3RD
Nashville Outlaws batting - Pitching for New Jersey Fenix : RHP Brantford Winstworth III
Batting: LHB Juan Caro 0-0: SINGLE (Groundball, 6D)
Batting: RHB Arnold Giroux 0-0: Ball
1-0: Foul Ball, location: 2F
1-1: Ball
2-1: Called Strike
2-2: Foul Ball, location: 2F
2-2: Foul Ball, location: 2F
2-2: Foul Ball, location: 2F
2-2: Ball
3-2: DOUBLE (Line Drive, 8RXD)
Juan Caro to third
Juan Caro scores
Batting: RHB Elia Amberezzio 0-0: Ball
1-0: Foul Ball, location: 2F
1-1: Ball
2-1: Foul Ball, location: 2F
2-2: Ball
3-2: Strikes out swinging
Batting: LHB Bartolo Soto 0-0: Foul Ball, location: 2F
0-1: Ball
1-1: SINGLE (Groundball, 4D)
Arnold Giroux to third
Runner from 3rd tries for Home, SAFE, no throw
Batting: LHB Bora Garasanin 0-0: Called Strike
0-1: Grounds into double play, 4-6-3 (Groundball, 34)
Bottom of the 3rd over - 2 runs, 3 hits, 0 errors, 0 left on base; New Jersey 0 - Nashville 2
TOP OF THE 4TH
New Jersey Fenix batting - Pitching for Nashville Outlaws : RHP Ramón Molina
Batting: LHB Alexis Raimbault 0-0: Fly out, F3 (Popup, 34)
Batting: LHB Josh Platt 0-0: Called Strike
0-1: Fly out, F8 (Flyball, 8RD)
Batting: LHB Javier Sánchez 0-0: Ball
1-0: Foul Ball, location: 2F
1-1: SINGLE (Groundball, 4MD)
Batting: SHB Shiki Sanu 0-0: Ball
1-0: SINGLE (Line Drive, 9S)
Javier Sánchez to second
Batting: LHB Pedro Gutiérrez 0-0: Ball
1-0: Called Strike
1-1: Ball
2-1: Ball
3-1: Base on Balls
Javier Sánchez to third
Shiki Sanu to second
Batting: RHB Takashi Miike 0-0: Called Strike
0-1: Swinging Strike
0-2: Ball
1-2: Ball
2-2: Ball
3-2: Base on Balls
Javier Sánchez scores
Shiki Sanu to third
Pedro Gutiérrez to second
Batting: RHB John Schnatter 0-0: Ball
Wild Pitch!
Shiki Sanu scores
Pedro Gutiérrez to third
Takashi Miike to second
1-0: Ball
2-0: Ball
3-0: Called Strike
3-1: Called Strike
3-2: Ground out 1-3 (Groundball, 13)
Top of the 4th over - 2 runs, 2 hits, 0 errors, 2 left on base; New Jersey 2 - Nashville 2
BOTTOM OF THE 4TH
Nashville Outlaws batting - Pitching for New Jersey Fenix : RHP Brantford Winstworth III
Batting: RHB Jerry Yates 0-0: Ball
1-0: Swinging Strike
1-1: Ball
2-1: Foul Ball, location: 2F
2-2: SINGLE (Groundball, 4MD)
Batting: LHB Nathan Tanner 0-0: Foul Ball, location: 2F
0-1: Fly out, F9 (Flyball, 9LMF)
Batting: LHB Salvador Ramírez 0-0: Ball
1-0: Ball
2-0: Called Strike
2-1: Ground out 5-3 (Groundball, 5S)
Jerry Yates to second
Batting: RHB Orlando Reyes 0-0: Foul Ball, location: 2F
0-1: Fly out, F8 (Line Drive, 8LS)
Bottom of the 4th over - 0 runs, 1 hit, 0 errors, 1 left on base; New Jersey 2 - Nashville 2
TOP OF THE 5TH
New Jersey Fenix batting - Pitching for Nashville Outlaws : RHP Ramón Molina
Batting: LHB Yin-reng Hsueh 0-0: Called Strike
0-1: Ball
1-1: Foul Ball, location: 2F
1-2: Foul Ball, location: 2F
1-2: Strikes out swinging
Batting: LHB Elian Gonzalez 0-0: Ball
1-0: Ball
2-0: Ball
3-0: Called Strike
3-1: Ground out 4-3 (Groundball, 4)
Batting: LHB Alexis Raimbault 0-0: Called Strike
0-1: Called Strike
0-2: Ball
1-2: Foul Ball, location: 2F
1-2: Strikes out swinging
Top of the 5th over - 0 runs, 0 hits, 0 errors, 0 left on base; New Jersey 2 - Nashville 2
BOTTOM OF THE 5TH
Nashville Outlaws batting - Pitching for New Jersey Fenix : RHP Brantford Winstworth III
Batting: LHB Juan Caro 0-0: Ball
1-0: Ball
2-0: Ball
3-0: Called Strike
3-1: Reached on error, E5 (Groundball, 56)
Batting: RHB Arnold Giroux 0-0: Bunt missed!
0-1: Ball
1-1: Ball
2-1: Sac Bunt - play at first, batter safe!
Juan Caro to second
Batting: RHB Elia Amberezzio 0-0: Swinging Strike
0-1: Called Strike
0-2: Grounds into double play, 4-6-3 (Groundball, 4)
Juan Caro to third
Batting: LHB Bartolo Soto 0-0: Ball
1-0: Ball
2-0: Called Strike
2-1: Fly out, F3 (Line Drive, 3)
Bottom of the 5th over - 0 runs, 1 hit, 1 error, 1 left on base; New Jersey 2 - Nashville 2
TOP OF THE 6TH
New Jersey Fenix batting - Pitching for Nashville Outlaws : RHP Ramón Molina
Batting: LHB Josh Platt 0-0: SINGLE (Line Drive, 6M)
Batting: LHB Javier Sánchez 0-0: 2-RUN HOME RUN (Flyball, 9LD), Distance : 351 ft
Batting: SHB Shiki Sanu 0-0: Foul Ball, location: 2F
0-1: Ball
1-1: Ball
2-1: Foul Ball, location: 2F
2-2: Ball
3-2: Ground out 6-3 (Groundball, 6)
Batting: LHB Pedro Gutiérrez 0-0: Foul Ball, location: 2F
0-1: Ball
1-1: Foul Ball, location: 2F
1-2: SOLO HOME RUN (Flyball, 9D), Distance : 369 ft
Batting: RHB Takashi Miike 0-0: Ball
1-0: Ball
2-0: Swinging Strike
2-1: Ball
3-1: Fly out, F9 (Line Drive, 9LM)
Batting: RHB John Schnatter 0-0: Called Strike
0-1: Ball
1-1: Fly out, F7 (Flyball, 7S)
Top of the 6th over - 3 runs, 3 hits, 0 errors, 0 left on base; New Jersey 5 - Nashville 2
BOTTOM OF THE 6TH
Nashville Outlaws batting - Pitching for New Jersey Fenix : RHP Brantford Winstworth III
Batting: LHB Bora Garasanin 0-0: Called Strike
0-1: DOUBLE (Line Drive, 9LM)
Batting: RHB Jerry Yates 0-0: Called Strike
0-1: Ground out 5-3 (Groundball, 56)
Pitching: LHP Walt Cooley
Batting: LHB Nathan Tanner 0-0: Ball
1-0: DOUBLE (Groundball, 3L)
Bora Garasanin scores
Batting: LHB Salvador Ramírez 0-0: Foul Ball, location: 2F
0-1: Ball
1-1: Ball
2-1: Foul Ball, location: 2F
2-2: Ball
3-2: Foul Ball, location: 2F
3-2: Strikes out swinging
Batting: RHB Orlando Reyes 0-0: Fly out, F8 (Line Drive, 8LM)
Bottom of the 6th over - 1 run, 2 hits, 0 errors, 1 left on base; New Jersey 5 - Nashville 3
TOP OF THE 7TH
New Jersey Fenix batting - Pitching for Nashville Outlaws : RHP Ramón Molina
Batting: LHB Yin-reng Hsueh 0-0: Called Strike
0-1: Foul Ball, location: 2F
0-2: Ball
1-2: Foul Ball, location: 2F
1-2: Foul Ball, location: 2F
1-2: Ball
2-2: Foul Ball, location: 2F
2-2: Ball
3-2: Fly out, F6 (Line Drive, 56)
Batting: LHB Elian Gonzalez 0-0: Foul Ball, location: 2F
0-1: Ball
1-1: SINGLE (Groundball, 34D)
Batting: LHB Alexis Raimbault 0-0: Foul Ball, location: 2F
0-1: Fly out, F8 (Flyball, 8RD)
Batting: LHB Josh Platt 0-0: Ball
1-0: Swinging Strike
1-1: Foul Ball, location: 2F
1-2: Strikes out swinging
Top of the 7th over - 0 runs, 1 hit, 0 errors, 1 left on base; New Jersey 5 - Nashville 3
BOTTOM OF THE 7TH
Nashville Outlaws batting - Pitching for New Jersey Fenix : LHP Walt Cooley
Batting: LHB Juan Caro 0-0: Ball
1-0: Fly out, F8 (Flyball, 89M)
Batting: RHB Arnold Giroux 0-0: Foul Ball, location: 2F
0-1: Ground out 4-3 (Groundball, 4)
Batting: RHB Elia Amberezzio 0-0: Called Strike
0-1: Ball
1-1: Called Strike
1-2: Foul Ball, location: 2F
1-2: Ball
2-2: Ball
3-2: Strikes out swinging
Bottom of the 7th over - 0 runs, 0 hits, 0 errors, 0 left on base; New Jersey 5 - Nashville 3
TOP OF THE 8TH
New Jersey Fenix batting - Pitching for Nashville Outlaws : RHP Ramón Molina
Batting: LHB Javier Sánchez 0-0: Foul Ball, location: 2F
0-1: Ball
1-1: Ground out 4-3 (Groundball, 4)
Batting: SHB Shiki Sanu 0-0: Foul Ball, location: 2F
0-1: Ball
1-1: Called Strike
1-2: Ground out 5-3 (Groundball, 56)
Batting: LHB Pedro Gutiérrez 0-0: Called Strike
0-1: Called Strike
0-2: Strikes out swinging
Top of the 8th over - 0 runs, 0 hits, 0 errors, 0 left on base; New Jersey 5 - Nashville 3
BOTTOM OF THE 8TH
Nashville Outlaws batting - Pitching for New Jersey Fenix : LHP Walt Cooley
Now at 1B: Michael Cochran
Batting: LHB Bartolo Soto 0-0: Ball
1-0: SINGLE (Groundball, 56S) (infield hit)
Batting: LHB Bora Garasanin Pickoff Throw to First - Error! E1
Bartolo Soto to second
0-0: Foul Ball, location: 2F
0-1: Foul Ball, location: 2F
0-2: Ball
1-2: Ball
2-2: Ball
3-2: DOUBLE (Line Drive, 9D)
Bartolo Soto scores
Pitching: RHP Andrei-Luiz Frial
Batting: RHB Jerry Yates 0-0: Ball
1-0: SINGLE (Line Drive, 8RS)
Bora Garasanin to third
Batting: LHB Nathan Tanner 0-0: Called Strike
0-1: Called Strike
0-2: Fly out, F9 (Flyball, 9D)
Runner from 3rd tags up, SCORES, no throw
Batting: LHB Salvador Ramírez 0-0: Called Strike
0-1: Foul Ball, location: 2F
0-2: Ball
1-2: Ball
2-2: Strikes out swinging
Pinch Hitting: LHB Mario Ramos 0-0: Called Strike
0-1: Fielders Choice at 2nd, 6-4 (Groundball, 6)
Bottom of the 8th over - 2 runs, 3 hits, 1 error, 1 left on base; New Jersey 5 - Nashville 5
TOP OF THE 9TH
New Jersey Fenix batting - Pitching for Nashville Outlaws : RHP Ramón Molina
Pitching: RHP Bryan Tuff
Now at SS: Greg Schiff
Batting: RHB Takashi Miike 0-0: Ball
1-0: Called Strike
1-1: Ball
2-1: Ball
3-1: Foul Ball, location: 2F
3-2: Strikes out swinging
Batting: RHB John Schnatter 0-0: Ball
1-0: Ball
2-0: Called Strike
2-1: Foul Ball, location: 2F
2-2: Strikes out looking
Batting: LHB Yin-reng Hsueh 0-0: Ball
1-0: Fly out, F9 (Flyball, 9LSF)
Top of the 9th over - 0 runs, 0 hits, 0 errors, 0 left on base; New Jersey 5 - Nashville 5
BOTTOM OF THE 9TH
Nashville Outlaws batting - Pitching for New Jersey Fenix : RHP Andrei-Luiz Frial
Pitching: RHP Nam Yee Yong
Batting: LHB Juan Caro 0-0: Called Strike
0-1: Ground out 4-3 (Groundball, 4)
Batting: RHB Arnold Giroux 0-0: Ball
1-0: Called Strike
1-1: Called Strike
1-2: Ball
2-2: Foul Ball, location: 2F
2-2: Fly out, F4 (Line Drive, 4)
Pinch Hitting: RHB Scott Donlan 0-0: Called Strike
0-1: Ball
1-1: Ground out 6-3 (Groundball, 6)
Bottom of the 9th over - 0 runs, 0 hits, 0 errors, 0 left on base; New Jersey 5 - Nashville 5
TOP OF THE 10TH
New Jersey Fenix batting - Pitching for Nashville Outlaws : RHP Bryan Tuff
Now at 2B: Scott Donlan
Batting: LHB Elian Gonzalez 0-0: SOLO HOME RUN (Flyball, 7LD), Distance : 375 ft
Batting: LHB Alexis Raimbault 0-0: Ball
1-0: Ball
2-0: Ball
3-0: Base on Balls
Batting: LHB Josh Platt 0-0: Called Strike
0-1: Called Strike
Alexis Raimbault steals 2nd base
0-2: Strikes out swinging
Batting: LHB Michael Cochran 0-0: Ball
1-0: Foul Ball, location: 2F
1-1: Swinging Strike
1-2: Ball
2-2: Foul Ball, location: 2F
2-2: Strikes out swinging
Batting: SHB Shiki Sanu 0-0: Intentional Walk
Batting: LHB Pedro Gutiérrez 0-0: Ball
1-0: Foul Ball, location: 2F
1-1: Ball
2-1: Ball
3-1: Called Strike
3-2: Base on Balls
Alexis Raimbault to third
Shiki Sanu to second
Batting: RHB Takashi Miike 0-0: Called Strike
0-1: Ball
1-1: Ball
2-1: Called Strike
2-2: Ball
3-2: Strikes out swinging
Top of the 10th over - 1 run, 1 hit, 0 errors, 3 left on base; New Jersey 6 - Nashville 5
BOTTOM OF THE 10TH
Nashville Outlaws batting - Pitching for New Jersey Fenix : RHP Nam Yee Yong
Batting: LHB Bartolo Soto 0-0: Called Strike
0-1: Called Strike
0-2: Ball
1-2: Foul Ball, location: 2F
1-2: Ball
2-2: Ground out 4-3 (Groundball, 4S)
Batting: LHB Bora Garasanin 0-0: Ball
1-0: Called Strike
1-1: Ball
2-1: Foul Ball, location: 2F
2-2: Foul Ball, location: 2F
2-2: Fly out, F7 (Flyball, 78D)
Batting: RHB Jerry Yates 0-0: SINGLE (Flyball, 78S)
Batting: LHB Nathan Tanner 0-0: Called Strike
0-1: SINGLE (Line Drive, 4M)
Jerry Yates to second
Runner from 2nd tries for 3rd, SAFE, no throw
Batting: LHB Salvador Ramírez 0-0: Ball
1-0: Called Strike
1-1: Called Strike
1-2: Ball
2-2: SINGLE (Line Drive, 78S)
Jerry Yates scores
Nathan Tanner to second
Batting: RHB Greg Schiff 0-0: Called Strike
0-1: Fly out, F5 (Popup, 25F)
Bottom of the 10th over - 1 run, 3 hits, 0 errors, 2 left on base; New Jersey 6 - Nashville 6
TOP OF THE 11TH
New Jersey Fenix batting - Pitching for Nashville Outlaws : RHP Bryan Tuff
Pitching: RHP Gustavo López
Batting: RHB John Schnatter 0-0: Called Strike
0-1: Called Strike
0-2: Ball
1-2: Strikes out looking
Batting: LHB Yin-reng Hsueh 0-0: Ball
1-0: Ball
2-0: Ball
3-0: Base on Balls
Batting: LHB Elian Gonzalez 0-0: Ball
1-0: SINGLE (Groundball, 34S) (infield hit)
Yin-reng Hsueh to second
Batting: LHB Alexis Raimbault 0-0: Ball
1-0: Ball
2-0: Foul Ball, location: 2F
2-1: Fielders Choice at 2nd, 4-6 (Groundball, 4M)
Yin-reng Hsueh to third
Batting: LHB Josh Platt 0-0: Ball
1-0: Called Strike
1-1: Foul Ball, location: 2F
1-2: SINGLE (Groundball, 4MD)
Yin-reng Hsueh scores
Alexis Raimbault to second
Runner from 2nd tries for 3rd, SAFE, throw made to third
Batting: LHB Michael Cochran 0-0: Ground out 5-3 (Groundball, 56)
Top of the 11th over - 1 run, 2 hits, 0 errors, 2 left on base; New Jersey 7 - Nashville 6
BOTTOM OF THE 11TH
Nashville Outlaws batting - Pitching for New Jersey Fenix : RHP Nam Yee Yong
Batting: LHB Juan Caro 0-0: DOUBLE (Line Drive, 9LS)
Batting: RHB Arnold Giroux 0-0: Called Strike
0-1: Ball
1-1: Foul Ball, location: 2F
1-2: Strikes out swinging
Batting: RHB Scott Donlan 0-0: Called Strike
0-1: Ball
1-1: Swinging Strike
1-2: Ball
2-2: Ball
3-2: Strikes out looking
Pitching: RHP Paul Dudding
Batting: LHB Bartolo Soto 0-0: Ground out 6-3 (Groundball, 6)
Bottom of the 11th over - 0 runs, 1 hit, 0 errors, 1 left on base; New Jersey 7 - Nashville 6
Friday, March 29th, 2019 - OOTP Baseball 18.8 Build 76